3AA
OTTAWA NATIONALS @ BILLINGS POLAR BEARS
07/03/2024
 
TOP OF THE 1ST
Ottawa Nationals batting - Pitching for Billings Polar Bears : LHP Heng-zong Xie
Pitching: LHP Heng-zong Xie
Batting: RHB Michael Peterson 0-0: Ball
1-0: Foul Ball, location: 2F
1-1: Ball
2-1: Foul Ball, location: 2F
2-2: Ball
3-2: Strikes out swinging
Batting: RHB Barry Welch 0-0: Ground out 5-3 (Groundball, 5S)
Batting: RHB Jesús Soto 0-0: SINGLE (Groundball, 6M)
Batting: RHB EP Weston 0-0: SINGLE (Groundball, 56)
Jesús Soto to second
Batting: RHB Dan Holliday 0-0: Ball
1-0: Called Strike
1-1: Foul Ball, location: 2F
1-2: Foul Ball, location: 2F
1-2: Fly out, F8 (Flyball, 89M)
Top of the 1st over - 0 run(s), 2 hit(s), 0 error(s), 2 left on base; Ottawa 0 - Billings 0
BOTTOM OF THE 1ST
Billings Polar Bears batting - Pitching for Ottawa Nationals : RHP Travis Nelson
Pitching: RHP Travis Nelson
Batting: LHB Sergio Rodríguez 0-0: Fly out, F7 (Flyball, 7M)
Batting: RHB Lúcio Marín 0-0: Ground out 5-3 (Groundball, 56)
Batting: SHB Carlos Schultz 0-0: SINGLE (Flyball, 7LS)
Batting: LHB Armando Becerra 0-0: Ball
Carlos Schultz is caught stealing 2nd base
Bottom of the 1st over - 0 run(s), 1 hit(s), 0 error(s), 0 left on base; Ottawa 0 - Billings 0
TOP OF THE 2ND
Ottawa Nationals batting - Pitching for Billings Polar Bears : LHP Heng-zong Xie
Batting: RHB Paddy Hodnett 0-0: Ball
1-0: Ball
2-0: Swinging Strike
2-1: SINGLE (Groundball, 6MD)
Batting: RHB Howard Fewell 0-0: Ball
1-0: Fly out, F2 (Popup, 2L)
Batting: RHB Louis Espinosa 0-0: Called Strike
0-1: Ball
1-1: Ball
2-1: Ball
3-1: Swinging Strike
3-2: Base on Balls
Paddy Hodnett to second
Batting: LHB Javier Hernández 0-0: Hit by Pitch
Paddy Hodnett to third
Louis Espinosa to second
Batting: RHB Michael Peterson 0-0: Ball
1-0: Ball
2-0: Ball
3-0: Called Strike
3-1: Base on Balls
Paddy Hodnett scores
Louis Espinosa to third
Javier Hernández to second
Batting: RHB Barry Welch 0-0: Ball
1-0: Ball
2-0: Ball
3-0: Called Strike
Reached via error on a dropped throw, E4
Louis Espinosa scores
Javier Hernández to third
Michael Peterson to second
Batting: RHB Jesús Soto 0-0: Ball
1-0: Called Strike
1-1: Swinging Strike
1-2: Strikes out swinging
Batting: RHB EP Weston 0-0: Ball
1-0: SINGLE (Groundball, 56)
Javier Hernández scores
Michael Peterson to third
Barry Welch to second
Runner from 3rd tries for Home, SAFE, no throw or cutoff
Batting: RHB Dan Holliday 0-0: Called Strike
0-1: Ground out U3 (Groundball, 3S)
Top of the 2nd over - 4 run(s), 2 hit(s), 1 error(s), 2 left on base; Ottawa 4 - Billings 0
BOTTOM OF THE 2ND
Billings Polar Bears batting - Pitching for Ottawa Nationals : RHP Travis Nelson
Batting: LHB Armando Becerra 0-0: Called Strike
0-1: Swinging Strike
0-2: Ball
1-2: Foul Ball, location: 2F
1-2: Ball
2-2: Fly out, F8 (Flyball, 8LM)
Batting: RHB Jesús Vásquez 0-0: Ball
1-0: Ball
2-0: Called Strike
2-1: Ball
3-1: Foul Ball, location: 2F
3-2: Base on Balls
Batting: LHB Magali Lenidas 0-0: Called Strike
0-1: Ball
1-1: Fly out, F7 (Flyball, 7D)
Batting: LHB Braxton Mosley 0-0: Called Strike
0-1: Foul Ball, location: 2F
0-2: Foul Ball, location: 2F
0-2: Ball
1-2: Foul Ball, location: 2F
1-2: Fly out, F7 (Flyball, 7M)
Bottom of the 2nd over - 0 run(s), 0 hit(s), 0 error(s), 1 left on base; Ottawa 4 - Billings 0
TOP OF THE 3RD
Ottawa Nationals batting - Pitching for Billings Polar Bears : LHP Heng-zong Xie
Batting: RHB Paddy Hodnett 0-0: Called Strike
0-1: Foul Ball, location: 2F
0-2: Strikes out swinging
Batting: RHB Howard Fewell 0-0: Foul Ball, location: 2F
0-1: Swinging Strike
0-2: Foul Ball, location: 2F
0-2: Ball
1-2: Ball
2-2: Fly out, F7 (Flyball, 78XD)
Batting: RHB Louis Espinosa 0-0: Ball
1-0: Called Strike
1-1: Swinging Strike
1-2: Strikes out swinging
Top of the 3rd over - 0 run(s), 0 hit(s), 0 error(s), 0 left on base; Ottawa 4 - Billings 0
BOTTOM OF THE 3RD
Billings Polar Bears batting - Pitching for Ottawa Nationals : RHP Travis Nelson
Batting: RHB Michael Bucknell 0-0: Ball
1-0: Ground out 6-3 (Groundball, 6M)
Batting: SHB Bernard Gauthier 0-0: Called Strike
0-1: Ball
1-1: Ball
2-1: Ball
3-1: Foul Ball, location: 2F
3-2: Ground out 1-3 (Groundball, 23)
Batting: LHB Sergio Rodríguez 0-0: Foul Ball, location: 2F
0-1: Foul Ball, location: 2F
0-2: Foul Ball, location: 2F
0-2: Strikes out swinging
Bottom of the 3rd over - 0 run(s), 0 hit(s), 0 error(s), 0 left on base; Ottawa 4 - Billings 0
TOP OF THE 4TH
Ottawa Nationals batting - Pitching for Billings Polar Bears : LHP Heng-zong Xie
Batting: LHB Javier Hernández 0-0: Foul Ball, location: 2F
0-1: Ball
1-1: Foul Ball, location: 2F
1-2: Ball
2-2: Fly out, F7 (Flyball, 7S)
Batting: RHB Michael Peterson 0-0: Swinging Strike
0-1: Ball
1-1: SINGLE (Line Drive, 8RS)
Batting: RHB Barry Welch 0-0: Grounds into double play, 5-4-3 (Groundball, 5L)
Top of the 4th over - 0 run(s), 1 hit(s), 0 error(s), 0 left on base; Ottawa 4 - Billings 0
BOTTOM OF THE 4TH
Billings Polar Bears batting - Pitching for Ottawa Nationals : RHP Travis Nelson
Batting: RHB Lúcio Marín 0-0: Ball
1-0: Fly out, F8 (Flyball, 89M)
Batting: SHB Carlos Schultz 0-0: Ball
1-0: Ball
2-0: Ground out U3 (Groundball, 3S)
Batting: LHB Armando Becerra 0-0: Ground out 5-3 (Groundball, 56)
Bottom of the 4th over - 0 run(s), 0 hit(s), 0 error(s), 0 left on base; Ottawa 4 - Billings 0
TOP OF THE 5TH
Ottawa Nationals batting - Pitching for Billings Polar Bears : LHP Heng-zong Xie
Batting: RHB Jesús Soto 0-0: Ball
1-0: SINGLE (Flyball, 9S)
Batting: RHB EP Weston 0-0: Ball
1-0: Ground out 5-3 (Groundball, 56S)
Jesús Soto to second
Pitching: RHP Serafino Abreu
Batting: RHB Dan Holliday 0-0: Called Strike
0-1: Ground out 1-3 (Groundball, 13S)
Jesús Soto to third
Batting: RHB Paddy Hodnett 0-0: Fly out, F7 (Flyball, 7M)
Top of the 5th over - 0 run(s), 1 hit(s), 0 error(s), 1 left on base; Ottawa 4 - Billings 0
BOTTOM OF THE 5TH
Billings Polar Bears batting - Pitching for Ottawa Nationals : RHP Travis Nelson
Batting: RHB Jesús Vásquez 0-0: Ball
1-0: SINGLE (Line Drive, 56D)
Batting: LHB Magali Lenidas 0-0: Ball
1-0: Foul Ball, location: 2F
1-1: Fielders Choice at 2nd, 4-6 (Groundball, 4)
Batting: LHB Braxton Mosley 0-0: Foul Ball, location: 2F
0-1: Foul Ball, location: 2F
0-2: Ball
1-2: Foul Ball, location: 2F
1-2: Ball
2-2: Fly out, F7 (Flyball, 7M)
Batting: RHB Michael Bucknell 0-0: Foul Ball, location: 2F
0-1: Ground out 5-3 (Groundball, 56)
Bottom of the 5th over - 0 run(s), 1 hit(s), 0 error(s), 1 left on base; Ottawa 4 - Billings 0
TOP OF THE 6TH
Ottawa Nationals batting - Pitching for Billings Polar Bears : RHP Serafino Abreu
Batting: RHB Howard Fewell 0-0: Ball
1-0: Swinging Strike
1-1: Called Strike
1-2: Foul Ball, location: 2F
1-2: Foul Ball, location: 2F
1-2: Foul Ball, location: 2F
1-2: Strikes out swinging
Batting: RHB Louis Espinosa 0-0: Called Strike
0-1: Ball
1-1: Ball
2-1: Foul Ball, location: 2F
2-2: Ball
3-2: Strikes out swinging
Batting: LHB Javier Hernández 0-0: Ball
1-0: Swinging Strike
1-1: Ball
2-1: Foul Ball, location: 2F
2-2: Ball
3-2: Foul Ball, location: 2F
3-2: Base on Balls
Batting: RHB Michael Peterson 0-0: Swinging Strike
0-1: Ball
1-1: Ball
2-1: Ground out 6-3 (Groundball, 6)
Top of the 6th over - 0 run(s), 0 hit(s), 0 error(s), 1 left on base; Ottawa 4 - Billings 0
BOTTOM OF THE 6TH
Billings Polar Bears batting - Pitching for Ottawa Nationals : RHP Travis Nelson
Batting: SHB Bernard Gauthier 0-0: Ball
1-0: Called Strike
1-1: Ground out U3 (Groundball, 3S)
Batting: LHB Sergio Rodríguez 0-0: Ball
1-0: Ball
2-0: Swinging Strike
2-1: Ball
3-1: Foul Ball, location: 2F
3-2: Foul Ball, location: 2F
3-2: Foul Ball, location: 2F
3-2: Foul Ball, location: 2F
3-2: Ground out 1-3 (Groundball, 15)
Batting: RHB Lúcio Marín 0-0: Ball
1-0: Ball
2-0: SINGLE (Line Drive, 56D)
Batting: SHB Carlos Schultz 0-0: DOUBLE (Flyball, 7M)
Lúcio Marín to third
Runner from 3rd tries for Home, throw and OUT!
Bottom of the 6th over - 0 run(s), 2 hit(s), 0 error(s), 1 left on base; Ottawa 4 - Billings 0
TOP OF THE 7TH
Ottawa Nationals batting - Pitching for Billings Polar Bears : RHP Serafino Abreu
Batting: RHB Barry Welch 0-0: Foul Ball, location: 2F
0-1: Called Strike
0-2: Ball
1-2: Ball
2-2: Ball
3-2: SINGLE (Groundball, 56D)
Batting: RHB Jesús Soto 0-0: SINGLE (Flyball, 8RS)
Barry Welch to second
Batting: RHB EP Weston 0-0: Ball
1-0: Called Strike
1-1: Called Strike
1-2: Fly out, F9 (Flyball, 89S)
Pitching: LHP Seihaci Igarachi
Batting: RHB Dan Holliday 0-0: Ball
1-0: Called Strike
1-1: Called Strike
1-2: Ball
2-2: Ball
3-2: Base on Balls
Barry Welch to third
Jesús Soto to second
Batting: RHB Paddy Hodnett 0-0: Called Strike
0-1: Ball
1-1: Ball
2-1: Ball
3-1: Base on Balls
Barry Welch scores
Jesús Soto to third
Dan Holliday to second
Batting: RHB Howard Fewell 0-0: Called Strike
0-1: Fly out, F4 (Line Drive, 4M)
Batting: RHB Louis Espinosa 0-0: Called Strike
0-1: Ball
1-1: Ball
2-1: Ball
3-1: Base on Balls
Jesús Soto scores
Dan Holliday to third
Paddy Hodnett to second
Batting: LHB Javier Hernández 0-0: Ball
Wild Pitch!
Dan Holliday scores
Paddy Hodnett to third
Louis Espinosa to second
1-0: Fly out, F7 (Flyball, 78M)
Top of the 7th over - 3 run(s), 2 hit(s), 0 error(s), 2 left on base; Ottawa 7 - Billings 0
BOTTOM OF THE 7TH
Billings Polar Bears batting - Pitching for Ottawa Nationals : RHP Travis Nelson
Batting: LHB Armando Becerra 0-0: Swinging Strike
0-1: Ball
1-1: Foul Ball, location: 2F
1-2: Foul Ball, location: 2F
1-2: Ball
2-2: Strikes out swinging
Batting: RHB Jesús Vásquez 0-0: Ball
1-0: Swinging Strike
1-1: SINGLE (Groundball, 56D)
Batting: LHB Magali Lenidas 0-0: Foul Ball, location: 2F
0-1: Ball
1-1: Ball
2-1: Fly out, F7 (Flyball, 78S)
Batting: LHB Braxton Mosley 0-0: Called Strike
0-1: Ball
1-1: SINGLE (Groundball, 34D)
Jesús Vásquez to second
Runner from 2nd tries for 3rd, SAFE, no throw or cutoff
Batting: RHB Michael Bucknell 0-0: Foul Ball, location: 2F
0-1: Ball
1-1: Called Strike
1-2: Foul Ball, location: 2F
1-2: Strikes out swinging
Bottom of the 7th over - 0 run(s), 2 hit(s), 0 error(s), 2 left on base; Ottawa 7 - Billings 0
TOP OF THE 8TH
Ottawa Nationals batting - Pitching for Billings Polar Bears : LHP Seihaci Igarachi
Batting: RHB Michael Peterson 0-0: Swinging Strike
0-1: Ball
1-1: Ground out 5-3 (Groundball, 56)
Batting: RHB Barry Welch 0-0: Called Strike
0-1: SINGLE (Groundball, 6D)
Batting: RHB Jesús Soto 0-0: Ball
1-0: Ball
2-0: Ball
3-0: Called Strike
3-1: Base on Balls
Barry Welch to second
Batting: RHB EP Weston 0-0: Ball
1-0: Called Strike
1-1: Ball
2-1: Ball
3-1: Called Strike
3-2: Ground out 6-3 (Groundball, 6MD)
Barry Welch to third
Jesús Soto to second
Batting: RHB Dan Holliday 0-0: Ball
1-0: Called Strike
1-1: Ball
2-1: Fly out, F7 (Flyball, 78M)
Top of the 8th over - 0 run(s), 1 hit(s), 0 error(s), 2 left on base; Ottawa 7 - Billings 0
BOTTOM OF THE 8TH
Billings Polar Bears batting - Pitching for Ottawa Nationals : RHP Travis Nelson
Now in RF: Marvin Collier
Batting: SHB Bernard Gauthier 0-0: Fly out, F7 (Flyball, 7LMF)
Batting: LHB Sergio Rodríguez 0-0: Ball
1-0: Called Strike
1-1: Called Strike
1-2: Strikes out swinging
Batting: RHB Lúcio Marín 0-0: SINGLE (Groundball, 25) (infield hit)
Batting: SHB Carlos Schultz 0-0: Swinging Strike
0-1: Foul Ball, location: 2F
0-2: Ball
1-2: Fielders Choice at 2nd, 6-4 (Groundball, 6)
Bottom of the 8th over - 0 run(s), 1 hit(s), 0 error(s), 0 left on base; Ottawa 7 - Billings 0
TOP OF THE 9TH
Ottawa Nationals batting - Pitching for Billings Polar Bears : LHP Seihaci Igarachi
Pitching: RHP Tim Cross
Batting: RHB Paddy Hodnett 0-0: Ball
1-0: Called Strike
1-1: Ball
2-1: Ball
3-1: Hit by Pitch
Batting: RHB Howard Fewell 0-0: TRIPLE (Line Drive, 9LM)
Paddy Hodnett scores
Batting: RHB Louis Espinosa 0-0: Ball
1-0: Ball
2-0: Foul Ball, location: 2F
2-1: Ball
3-1: Ground out 1-3 (Groundball, 23)
Pitching: RHP Ángel Ruíz
Batting: LHB Javier Hernández 0-0: Ball
1-0: Swinging Strike
1-1: Called Strike
1-2: Ball
2-2: Strikes out swinging
Batting: RHB Michael Peterson 0-0: Ball
1-0: Ball
2-0: Swinging Strike
2-1: Foul Ball, location: 2F
2-2: Ball
3-2: Foul Ball, location: 2F
3-2: Strikes out swinging
Top of the 9th over - 1 run(s), 1 hit(s), 0 error(s), 1 left on base; Ottawa 8 - Billings 0
BOTTOM OF THE 9TH
Billings Polar Bears batting - Pitching for Ottawa Nationals : RHP Travis Nelson
Now in CF: Dan Curtis
Batting: LHB Armando Becerra 0-0: Ball
1-0: Ball
2-0: Ground out 6-3 (Groundball, 6M)
Batting: RHB Jesús Vásquez 0-0: Called Strike
0-1: Ball
1-1: Called Strike
1-2: Ground out 6-3 (Groundball, 6M)
Batting: LHB Magali Lenidas 0-0: Called Strike
0-1: Ball
1-1: Ball
2-1: Called Strike
2-2: Foul Ball, location: 2F
2-2: Fly out, F7 (Popup, 7S)
Bottom of the 9th over - 0 run(s), 0 hit(s), 0 error(s), 0 left on base; Ottawa 8 - Billings 0
This league is powered by Out of the Park Baseball, the baseball management simulation game for PC, Mac and Linux
Monday, October 3rd, 2016 - OOTP Baseball 16.9 Build 39